 Dungeon Crawl Stone Soup version 0.18.1-50-g88ac8fd (webtiles) character file.

9303 Amnesiac the Soothsayer (level 11, -6/61 HPs)
             Began as a Deep Elf Fighter on Feb 28, 2018.
             Was a Priest of Nemelex Xobeh.
             Mangled by a phantasmal warrior (13 damage)
             ... led by a death knight
             ... on level 15 of the Dungeon.
             The game lasted 01:07:31 (13533 turns).

Amnesiac the Soothsayer (Deep Elf Fighter)         Turns: 13533, Time: 01:07:32

Health: -6/61      AC: 24    Str: 19    XL:     11   Next: 21%
Magic:  23/23      EV: 10    Int: 16    God:    Nemelex Xobeh [***...]
Gold:   1222       SH:  9    Dex: 16    Spells: 0 memorised, 10 levels left

rFire  + + .     SeeInvis .     Z - +2 rapier (protect)
rCold  . . .     Gourm    .     W - +3 ring mail of Xegian {rF+ MR+}
rNeg   . . .     Faith    .     c - +0 shield
rPois  +         Spirit   .     (helmet restricted)
rElec  .         Dismiss  .     y - +0 cloak
rCorr  .         Reflect  .     A - +0 pair of gloves {Str+3}
SustAt .         Harm     .     L - +1 pair of boots
MR     ++...     Rnd*Rage +     E - amulet of regeneration
Stlth  +.........               Q - ring of poison resistance
                                o - +4 ring of protection

@: studying Summonings, very resistant to hostile enchantments, very unstealthy
A: antennae 1, molten scales 1, rugged brown scales 1, agile 1, berserk 1,
blurry vision 1, clever 1, fire resistance 1, regeneration 1
a: Triple Draw, Renounce Religion


You were on level 15 of the Dungeon.
You worshipped Nemelex Xobeh.
Nemelex Xobeh was most pleased with you.
You were not hungry.

You visited 2 branches of the dungeon, and saw 14 of its levels.
You also visited: Sewer and Bailey.

You collected 1271 gold pieces.
You spent 49 gold pieces at shops.

Inventory:

Hand Weapons
 d - a +0 blowgun
 C - a +0 hand crossbow
 Z - a +2 rapier of protection (weapon)
Missiles
 g - 69 poisoned needles
 k - 4 needles of frenzy
 p - a throwing net
 x - 47 tomahawks of returning (quivered)
 H - 62 bolts
 J - 5 needles of confusion
Armour
 c - a +0 shield (worn)
 j - a +0 helmet
 y - a +0 cloak (worn)
 A - a +0 pair of gloves of strength (worn)
 L - a +1 pair of boots (worn)
 W - the +3 ring mail of Xegian (worn) {rF+ MR+}
   (You found it on level 7 of the Dungeon)

   It protects you from fire.
   It affects your resistance to hostile enchantments.
Magical Staves
 m - an uncursed staff of energy
 M - an uncursed staff of wizardry
 Y - an uncursed staff of death
Jewellery
 h - an uncursed ring of flight
 o - a +4 ring of protection (left hand)
 r - a +2 amulet of reflection
 u - a +3 ring of intelligence
 E - an amulet of regeneration (around neck)
 Q - a ring of poison resistance (right hand)
Wands
 a - a wand of lightning (4/15)
 e - a wand of lightning (8/15)
 D - a wand of digging (9/24)
 K - a wand of disintegration (0/24)
 U - a wand of flame (14/48)
 V - a wand of iceblast (0/15)
Scrolls
 b - 3 scrolls of magic mapping {!r}
 s - 3 scrolls of noise {!r}
 w - 2 scrolls of recharging {!r}
 I - a scroll of random uselessness {!r, unknown}
 N - a scroll of fear {!r}
 O - a scroll of remove curse {!r}
 R - a scroll of holy word {!r}
 T - 2 scrolls of blinking {!r}
Potions
 t - a potion of lignification {!q}
 z - 2 potions of heal wounds {!q}
 G - a potion of might {!q}
 P - a potion of flight {!q}
 S - a potion of magic {!q}
Books
 l - a manual of Summonings
Miscellaneous
 i - a plain deck of escape
 q - a plain deck of escape {drawn: 3}
Comestibles
 f - 7 bread rations
 n - 4 meat rations
 v - a slice of pizza
 B - 2 royal jellies
 F - 5 beef jerkies


   Skills:
 - Level 3.0 Fighting
 - Level 8.2 Short Blades
 - Level 5.4 Armour
 - Level 3.1 Dodging
 - Level 3.1 Shields
 + Level 14.4 Evocations


You had 10 spell levels left.
You didn't know any spells.

Dungeon Overview and Level Annotations

Branches:
Dungeon (15/15)            Temple (1/1) D:7          Depths (0/5) D:15
   Lair: D:8-11         Orc: D:9-12      Vaults: D:13-14

Altars:
Ashenzari
Cheibriados
Dithmenos
Elyvilon
Fedhas
Gozag
Kikubaaqudgha
Makhleb
Nemelex Xobeh
Okawaru
Pakellas
Qazlal
Ru
Sif Muna
Trog
Vehumet
Xom
Yredelemnul
Zin
The Shining One
Beogh

Shops:
D:5 =   D:6 *[}:   D:14 !

Annotations:
D:13 Frances
D:14 Louise
D:15 Josephine


Innate Abilities, Weirdness & Mutations

You have a pair of small antennae on your head.
You are partially covered in molten scales (AC +1).
You are partially covered in rugged brown scales (AC +1, +3% HP).
You are agile. (Dex +2)
You tend to lose your temper in combat.
Scrolls take you a little longer to read.
Your mind is acute. (Int +2)
Your flesh is heat resistant.
Your natural rate of healing is unusually fast.


Message History

The skeletal warrior hits you but does no damage.
There is a staircase to the Depths here.
The phantasmal warrior barely misses you.
The skeletal warrior barely misses you.
The vampire mosquito bites you but does no damage.
The shadow slips into darkness.
The shadow flickers and vanishes!
The freezing wraith hits the withered plant but does no damage.
The freezing wraith hits the withered plant.
The phantasmal warrior blinks!
You block the vampire mosquito's attack.
The vampire mosquito bites the withered plant!
The skeletal warrior hits you with a trident!
* * * LOW HITPOINT WARNING * * *
The vampire mosquito closely misses you.
You block the skeletal warrior's attack.
You can now choose one out of three cards.
The vampire mosquito bites the withered plant!
The shadow strikes at you from the darkness!
* * * LOW HITPOINT WARNING * * *
Reactivating autopickup.
The skeletal warrior hits you but does no damage.
Found 18 gold pieces and a robe.
You found an alarm trap!
You block the vampire mosquito's attack.
The shadow slips into darkness.
The shadow flickers and vanishes!
Deactivating autopickup; reactivate with Ctrl-A.
The tengu warrior hits the withered plant with a great mace!
The tengu warrior pecks the withered plant but does no damage.
The tengu warrior claws the withered plant.
The phantasmal warrior blinks!
The vampire mosquito barely misses you. x2
The tengu warrior hits the withered plant with a great mace.
The tengu warrior pecks the withered plant.
The tengu warrior claws the withered plant but does no damage.
The vampire mosquito bites you but does no damage. x2
The wraith hits the withered plant!
The phantasmal warrior blinks!
You hear a blaring wail to the southeast.
The skeletal warrior hits you from afar with a trident!
* * * LOW HITPOINT WARNING * * *
You hear a shout! x2
Drink which item? (? for menu, Esc to quit)
Okay, then.
Read which item? (? for menu, Esc to quit)
Okay, then.
Read which item? (? for menu, Esc to quit)
Really read
T - 2 scrolls of blinking {!r}?
Really read with blurry vision while enemies are nearby?
Okay, then.
Unknown command.
Drink which item? (? for menu, Esc to quit)
Okay, then.
Evoke which item? (* to show all) (? for menu, Esc to quit)
You draw a card...
It is the Elixir.
The vampire mosquito bites you.
* * * LOW HITPOINT WARNING * * *
The vampire mosquito barely misses you.
The tengu warrior hits the withered plant with a great mace.
The tengu warrior pecks the withered plant.
The withered plant is destroyed!
You block the vampire mosquito's attack. x2
The phantasmal warrior hits you!
You die...
Your body glows slightly and disappears.

....................
#.[.........P..P.......
#........8)............
#........8.........8...
#......8........8P.....
#..............8..8....
#........8.8WW.........
##.......z.W.Q>Z........
......W@yzW.8p..........
.......{y...8.PP.P..P..#
.........8.............#
..........PP8.......8..#
.............8...P.....#
................P.....)#
........................
.........$.......######.
................ #.


You could see a death knight, 2 skeletal warriors, a tengu warrior, a phantasmal
warrior, 2 freezing wraiths, 2 wraiths and 2 vampire mosquitoes.

Vanquished Creatures
  A flayed ghost (D:15)
  A necromancer (D:15)
  The ghost of Amnesiac the Prestidigitator, a novice DEAr of Gozag (D:9)
  An orc knight (Bailey)
  Prince Ribbit (D:7)
  10 yaks (D:9)
  The ghost of Amnesiac the Charlatan, an amateur DEAr (D:3)
  Purgy (Sewer)
  2 water moccasins
  2 black bears
  10 orc warriors
  4 phantoms
  A sky beast (D:14)
  3 ice beasts
  4 ogres
  A necrophage (D:6)
  7 centaurs
  A big kobold (D:7)
  12 giant frogs
  A wyvern zombie (D:9)
  A water moccasin zombie (D:6)
  2 scorpions
  A killer bee (D:8)
  A wight (D:14)
  A giant frog zombie (D:8)
  A crimson imp (D:5)
  2 jellies
  A quasit (D:8)
  2 centaur zombies
  4 hounds
  3 orc priests
  4 giant frog skeletons
  10 orc wizards
  A centaur skeleton (D:5)
  3 iguanas
  7 worker ants
  A hound zombie (D:9)
  3 worker ant zombies
  6 gnolls (D:3)
  12 adders
  A river rat (D:4)
  2 shadow imps
  An ooze (D:2)
  4 adder skeletons
  5 worms
  3 dart slugs (D:1)
  9 giant geckos
  64 orcs
  4 giant cockroaches
  22 goblins
  5 hobgoblins
  6 jackals
  2 quokkas
  3 ball pythons
  5 bats
  A giant gecko skeleton (D:3)
  3 giant newts
  23 kobolds
  8 rats
302 creatures vanquished.

Vanquished Creatures (collateral kills)
  2 kobolds (Bailey)
2 creatures vanquished.

Vanquished Creatures (others)
  An orc warrior (D:6)
  2 centaurs (D:6)
  A hound (D:8)
  An iguana (D:6)
  2 worker ants (D:6)
  An orc (D:5)
  A quokka (D:9)
  4 kobolds (Bailey)
  A plant (D:4)
  A withered plant (D:15)
15 creatures vanquished.

Grand Total: 319 creatures vanquished

Notes
Turn   | Place    | Note
--------------------------------------------------------------
     0 | D:1      | Amnesiac the Deep Elf Fighter began the quest for the Orb.
     0 | D:1      | Reached XP level 1. HP: 13/13 MP: 3/3
    72 | D:1      | Found a shattered altar of Ashenzari.
    89 | D:1      | Reached skill level 1 in Dodging
   299 | D:2      | Reached XP level 2. HP: 16/18 MP: 4/4
   343 | D:2      | Found an ancient bone altar of Kikubaaqudgha.
   697 | D:3      | Reached XP level 3. HP: 21/22 MP: 5/5
  1023 | D:4      | Reached XP level 4. HP: 9/27 MP: 6/6
  1120 | D:4      | HP: 1/28 [gnoll/flail (1)]
  1122 | D:4      | Found a glowing drain.
  1135 | Sewer    | Entered a sewer
  1421 | Sewer    | Noticed Purgy
  1455 | Sewer    | Killed Purgy
  1455 | Sewer    | Reached XP level 5. HP: 15/32 MP: 7/7
  1485 | Sewer    | Identified a manual of Summonings
  1609 | Sewer    | Gained mutation: You tend to lose your temper in combat. [potion of mutation]
  1609 | Sewer    | Gained mutation: Your mind is acute. (Int +2) [potion of mutation]
  1609 | Sewer    | Gained mutation: Scrolls take you a little longer to read. [potion of mutation]
  2328 | D:3      | Reached XP level 6. HP: 36/37 MP: 8/8
  2481 | D:3      | Noticed Amnesiac's ghost (amateur DEAr)
  2700 | D:2      | Found a snail-covered altar of Cheibriados.
  3207 | D:3      | Killed Amnesiac's ghost
  3207 | D:3      | Reached skill level 5 in Short Blades
  3942 | D:4      | Reached XP level 7. HP: 29/41 MP: 9/9
  4499 | D:5      | Entered Level 5 of the Dungeon
  5063 | D:5      | Found Dexat's Jewellery Shop.
  5092 | D:5      | Found a sacrificial altar of Ru.
  5250 | D:5      | Reached XP level 8. HP: 44/46 MP: 10/10
  5692 | D:6      | Found Zoarumom's Book Emporium.
  5737 | D:6      | Found Jaij's Armour Shop.
  5741 | D:6      | Bought a +0 pair of boots for 49 gold pieces
  5920 | D:6      | Reached skill level 5 in Armour
  5954 | D:6      | Found Ullettic's Gadget Boutique.
  6048 | D:6      | Found a shimmering altar of Xom.
  6308 | D:6      | Reached skill level 2 in Evocations
  6357 | D:6      | Found Nis Dips's General Store.
  6399 | D:6      | Reached skill level 3 in Evocations
  6498 | D:6      | Reached skill level 4 in Evocations
  6709 | D:6      | Reached XP level 9. HP: 36/50 MP: 14/14
  6794 | D:6      | Reached skill level 5 in Evocations
  6833 | D:7      | Found a sparkling altar of Nemelex Xobeh.
  6849 | D:7      | Became a worshipper of Nemelex Xobeh the Trickster
  7088 | D:1      | Received a gift from Nemelex Xobeh
  7484 | D:2      | Found a shadowy altar of Dithmenos.
  7763 | D:2      | Reached skill level 6 in Evocations
  7775 | D:2      | Found a deep blue altar of Sif Muna.
  8286 | D:3      | Reached * piety under Nemelex Xobeh
  8532 | D:7      | Found an opulent altar of Gozag.
  8544 | D:7      | Got a polished ring mail
  8588 | D:7      | Found a glowing golden altar of the Shining One.
  8640 | D:7      | You fall through a shaft for 3 floors!
  8640 | D:10     | Entered Level 10 of the Dungeon
  8647 | D:9      | Noticed Amnesiac's ghost (novice DEAr)
  8763 | D:9      | Found a roughly hewn altar of Beogh.
  8793 | D:9      | Reached skill level 7 in Evocations
  8904 | D:9      | Reached skill level 8 in Evocations
  8976 | D:9      | Killed Amnesiac's ghost
  8976 | D:9      | Reached skill level 9 in Evocations
  9156 | D:9      | Found a flagged portal.
  9184 | Bailey   | Entered a bailey
  9194 | Bailey   | Noticed an orc knight
  9294 | Bailey   | Reached skill level 10 in Evocations
  9345 | Bailey   | Reached XP level 10. HP: 33/56 MP: 19/19
  9403 | Bailey   | Killed an orc knight
  9640 | D:9      | Identified the +3 ring mail of Xegian {rF+ MR+} (You found it on level 7 of the Dungeon)
 10107 | D:8      | Reached skill level 11 in Evocations
 10442 | D:7      | Found a staircase to the Ecumenical Temple.
 10850 | Temple   | Entered the Ecumenical Temple
 10850 | Temple   | Reached ** piety under Nemelex Xobeh
 10956 | Temple   | Received a gift from Nemelex Xobeh
 11035 | D:7      | Noticed Prince Ribbit
 11076 | D:7      | Killed Prince Ribbit
 11076 | D:7      | Reached skill level 12 in Evocations
 11577 | D:8      | Gained mutation: Your flesh is heat resistant. [potion of mutation]
 11577 | D:8      | Gained mutation: You are partially covered in molten scales (AC +1). [potion of mutation]
 11577 | D:8      | Gained mutation: Your natural rate of healing is unusually fast. [potion of mutation]
 11657 | D:9      | Found a white marble altar of Elyvilon.
 11966 | D:9      | Reached skill level 13 in Evocations
 12701 | D:8      | Reached XP level 11. HP: 60/60 MP: 23/23
 13152 | D:10     | You fall through a shaft for 3 floors!
 13222 | D:13     | Noticed Frances
 13258 | D:14     | Reached skill level 14 in Evocations
 13293 | D:14     | Gained mutation: You are partially covered in rugged brown scales (AC +1, +3% HP). [mutagenic meat]
 13295 | D:14     | Gained mutation: You are agile. (Dex +2) [mutagenic meat]
 13296 | D:14     | Gained mutation: You have a pair of small antennae on your head. [mutagenic meat]
 13306 | D:14     | Found Zuoterua's Distillery.
 13356 | D:14     | Noticed Louise
 13370 | D:14     | Received a gift from Nemelex Xobeh
 13384 | D:14     | Noticed a red ugly thing
 13385 | D:14     | Noticed a red ugly thing
 13385 | D:14     | Noticed a red ugly thing
 13385 | D:14     | Noticed a red ugly thing
 13389 | D:14     | Noticed a red ugly thing
 13399 | D:15     | Entered Level 15 of the Dungeon
 13457 | D:15     | Noticed a necromancer
 13459 | D:15     | Noticed a flayed ghost
 13468 | D:15     | Noticed a phantasmal warrior
 13482 | D:15     | Noticed a tengu warrior
 13484 | D:15     | Noticed Josephine
 13511 | D:15     | Killed a flayed ghost
 13512 | D:15     | Killed a necromancer
 13517 | D:15     | Found a staircase to the Depths.
 13518 | D:15     | Noticed a death knight
 13523 | D:15     | Noticed a skeletal warrior
 13524 | D:15     | Noticed a skeletal warrior
 13529 | D:15     | Reached *** piety under Nemelex Xobeh
 13533 | D:15     | Mangled by a phantasmal warrior

Skill      XL: |  1  2  3  4  5  6  7  8  9 10 11 |
---------------+----------------------------------+-----
Dodging        | 2 3 |  3.1
Armour         | 3 5 |  5.4
Fighting       | 3 |  3.0
Short Blades   | 3 4 6 8 |  8.2
Shields        | 3 |  3.1
Evocations     | 4 10 13 14 | 14.4

Action                   |  1- 3 |  4- 6 |  7- 9 | 10-12 || total
-------------------------+-------+-------+-------+-------++-------
Melee: Rapier            |    87 |   322 |   824 |   869 ||  2102
       Unarmed           |       |       |    13 |       ||    13
 Fire: Blowgun           |       |     2 |       |       ||     2
       Hunting sling     |       |       |     8 |       ||     8
Throw: Tomahawk          |       |       |     2 |    22 ||    24
 Abil: Evoke Flight      |       |       |       |     2 ||     2
Evoke: Wand              |       |    13 |    15 |     8 ||    36
       Deck              |       |       |     7 |     7 ||    14
  Use: Potion            |     4 |     3 |     8 |     1 ||    16
       Scroll            |       |     6 |    12 |     3 ||    21
 Stab: Paralysed         |       |     6 |       |       ||     6
       Confused          |       |     1 |       |       ||     1
       Invisible         |       |       |     5 |       ||     5
       Sleeping          |       |       |     1 |       ||     1
  Eat: Royal jelly       |       |     1 |       |       ||     1
       Bread ration      |       |     1 |       |     1 ||     2
       Chunk             |       |     6 |    21 |    17 ||    44
       Fruit             |       |       |     1 |     2 ||     3
Armor: Scale mail        |    54 |   126 |   190 |       ||   370
       Ring mail         |       |       |    95 |   448 ||   543
       Skin              |       |       |     6 |       ||     6
Dodge: Dodged            |    34 |   126 |   243 |   320 ||   723
Block: Shield            |    45 |   151 |   334 |   404 ||   934
       Reflection        |       |       |     2 |       ||     2
